Map: Éphémèrion EC

Players

Parian

  • Race: Terran Terran
  • League: Silver
  • Spawn Location: 5:00

VOD

https://www.youtube.com/watch?v=MFfNnP7yVLA

Description

Time

  • Played on: March 5, 2020, 12:28 p.m.
  • Length: 7:06
Show
View Real Time Build Order
Export as new Build Order

Parian Terran 

Build Orders:  

Get SALT Encoding   

  12  0:01  SCV  
  13  0:18  SCV  
  14  0:24  Supply Depot  
  14  0:35  SCV  
  15  0:54  SCV  
  15  0:57  Barracks  
  16  1:04  Refinery  
  16  1:26  SCV  
  17  1:46  SCV  
  18  2:03  Orbital Command  
  18  2:23  Barracks Reactor  
  18  2:43  Command Center  
  18  2:48  SCV  
  18  3:02  Factory  
  18  3:06  SCV  
  19  3:23  SCV  
  19  3:24  Supply Depot  
  19  3:28  Marine x2  
  22  3:40  SCV  
  23  3:57  SCV  
  24  4:02  Marine, Bunker  
  24  4:03  Marine  
  26  4:14  SCV  
  27  4:26  Factory Tech Lab  
  27  4:30  Marine x2  
  27  4:31  SCV  
  30  4:48  SCV  
  31  4:50  Supply Depot  
  31  4:51  Orbital Command  
  31  4:55  Marine x2  
  33  5:05  SCV  
  33  5:07  Cyclone  
  37  5:19  Marine  
  37  5:20  Marine  
  37  5:22  SCV  
  37  5:28  Supply Depot  
  40  5:30  SCV  
  40  5:39  SCV  
  42  5:47  Refinery, SCV  
  43  5:56  SCV  
  44  6:02  Supply Depot  
  44  6:04  SCV  
  45  6:13  SCV  
  45  6:18  Starport  
  46  6:21  SCV  
  47  6:30  SCV  
  47  6:34  Marine x2  
  47  6:38  SCV  
  54  6:52  Supply Depot  
Tags
 
Add a new tag
Caveats
  • Supply blocks, unpowered buildings, or Contaminate may cause inaccurate times.
  • Supply counts are checked every 10 seconds.